cohdb
Replays
Latest Replays
All Replays
Popular Replays
Top Player Replays
Match Explorer
How It Works
Community
CoH3 Stats
Reddit
Sign in to upload your games and track your stats! →
Sign in with Steam
playing against blackprince/AT/chaffes with only Panzer III.rec
Match 25474756
Overview
Messages
Build Orders
End
Panzergrenadier Squad
Panzergrenadier Squad
250 Light Carrier
Construct Light Support Kompanie
Fire Support Elements
Selects Armored Support Battlegroup
Selects Veteran Gunners
Assault Grenadier Squad
Veteran Squad Leaders
Selects Salvage Kits
Panzerjäger Mechanized Group
Construct Panzerarmee Kommand
Panzer III L Medium Tank
Selects Panzer Storm
Panzer III L Medium Tank
Emergency Repair Kits
Panzer III L Medium Tank
Panzer Storm
Selects Stuka Dive Bomb
Stuka Dive Bomb
Panzer III L Medium Tank
Panzer Storm
Panzer III L Medium Tank
Stuka Dive Bomb
Selects Flammpanzer III Medium Tank Sd.Kfz. 141
Rapid Advance
Panzer III L Medium Tank
Tungsten Core Ammunition
Panzer Storm
Panzer III L Medium Tank
Panzer III L Medium Tank
Stuka Dive Bomb
Panzer Storm
豪师傅
疾風刃雷
FeriG
*Mule
0
0
Comments
sign in to comment!
No comments posted yet!